 Dungeon Crawl Stone Soup version 0.30.1 (webtiles) character file.

Game seed: 13876179563573075542

3339 Pepete the Conjurer (level 9, -8/51 HPs)
             Began as a Demigod Conjurer on July 2, 2023.
             Killed by divine providence
             ... invoked by a daeva
              (13 damage)
             ... on level 4 of the Abyss.
             The game lasted 00:23:38 (16571 turns).

Pepete the Conjurer (Demigod Conjurer)             Turns: 16571, Time: 00:23:39

Health: -8/51      AC:  9    Str:  3 (4)  XL:     9   Next: 44%
Magic:  0/22       EV:  8    Int: 27 (28) God:
Gold:   406        SH:  0    Dex:  8      Spells: 16/21 levels left

rFire   x x x        y - +6 short sword of the Evening {freeze, Contam rN+ rCorr}
rCold   . . .        (no shield)
rNeg    + + .        n - +0 ring mail
rPois   .            c - +2 helmet
rElec   .            (no cloak)
rCorr   +            (no gloves)
SInv    .            (no boots)
Will    .....        i - amulet of guardian spirit
Stlth   +            f - ring of positive energy
HPRegen 0.00/turn    b - ring of wizardry
MPRegen 0.18/turn

%: random rage (9%), guardian spirit, wizardry (x1)
@: inhibited regen, glowing, unable to read
A: high MP 1, forlorn, divine attributes, wild magic 1, berserk 1[+1], [clumsy
2], [deterioration 2], [dopey 2], [frail 3], [inhibited regeneration], [weak 2],
[heat vulnerability 3], [inability to read after injury 2]
a: no special abilities


You were on level 4 of the Abyss.
You visited 2 branches of the dungeon, and saw 9 of its levels.
You visited the Abyss 1 time.

You collected 406 gold pieces.

Inventory:

Hand Weapons
 g - a +5 scimitar
 k - a +1 short sword of speed
 y - the +6 short sword of the Evening (weapon) {freeze, Contam rN+ rCorr}
   (You found it on level 6 of the Dungeon)

   rN:        It protects you from negative energy.
   Contam:    It causes magical contamination when unequipped.
   rCorr:     It protects you from acid and corrosion.
Armour
 a - a +0 robe
 c - a +2 helmet (worn)
 n - a +0 ring mail (worn)
 r - a +0 leather armour
 u - a +0 chain mail
 x - the +1 buckler of the Hidden Vale {-Tele rC+++ Regen+ Dex-3}
   (You found it on level 7 of the Dungeon)

   Dex:       It affects your dexterity (-3).
   rC:        It renders you almost immune to cold.
   -Tele:     It prevents most forms of teleportation.
   Regen:     It increases your rate of health regeneration.
Magical Staves
 e - a staff of poison
Jewellery
 b - a ring of wizardry (right hand)
 f - a ring of positive energy (left hand)
 i - an amulet of guardian spirit (around neck)
 j - a ring of protection from cold
Wands
 h - a wand of flame (6)
 q - a wand of polymorph (12)
 s - a wand of digging (9)
Scrolls
 d - 3 scrolls of teleportation
 l - a scroll of vulnerability
 m - 7 scrolls of identify
Potions
 p - 2 potions of invisibility {unknown}
 t - 2 potions of heal wounds {unknown}
 z - a potion of curing
 A - a potion of attraction {unknown}


   Skills:
 + Level 4.8 Fighting
 + Level 2.7 Short Blades
 + Level 4.6 Armour
 - Level 1.7 Dodging
 - Level 1.7 Stealth
 * Level 6.5 Spellcasting
 * Level 7.9 Conjurations
 * Level 2.0 Ice Magic


You had 16 spell levels left.
You knew the following spells:

 Your Spells              Type           Power      Damage    Failure   Level
a - Magic Dart            Conj           100%       1d8       1%          1
b - Fulminant Prism       Conj/Hex       19%        3d11      36%         4

Your spell library contained the following spells:

 Spells                   Type           Power      Damage    Failure   Level
 Searing Ray              Conj           100%       2d8       1%          2
 Dazzling Flash           Conj/Hex       78%        N/A       13%         3
 Frozen Ramparts          Ice            50%        1d8       26%         3
 Lesser Beckoning         Tloc           22%        N/A       30%         2
 Iskenderun's Mystic Bla  Conj/Tloc      39%        2d9       36%         4
 Gell's Gravitas          Tloc           11%        N/A       50%         3
 Teleport Other           Tloc           11%        N/A       50%         3
 Ice Form                 Ice/Tmut       18%        N/A       75%         4
 Summon Ice Beast         Ice/Summ       18%        N/A       75%         4


Dungeon Overview and Level Annotations

Branches:
Dungeon (8/15)             Temple (1/1) D:5
   Lair: D:8-11

Shops:
D:1 :=*

Annotations:
D:8 Psyche


Innate Abilities, Weirdness & Mutations

You have an increased reservoir of magic. (+10% MP)
You shall have no god before yourself.
Your divine heritage dramatically boosts your attributes as you level up.
Your spells are a little harder to cast, but a little more powerful.
[You have an uncontrollable temper.]
[You are very clumsy. (Dex -4)]
[Your body often deteriorates upon taking damage.]
[You are very dopey. (Int -4)]
[You are extremely frail. (-30% HP)]
[You do not regenerate when monsters are visible.]
[You are very weak. (Str -4)]
[You are extremely vulnerable to heat. (rF---)]
[You sometimes lose the ability to read scrolls when taking damage.]


Message History

You feel stupid. x2
The wretched star pulses with an eldritch light!
You feel weaker. x2
Found a gateway leading deeper into the Abyss.
A small abomination comes into view.
The small abomination barely misses you.
The small abomination hits you!
You feel threatened and lose the ability to read scrolls!
Your body deteriorates!
You feel dopey.
There is a gateway leading deeper into the Abyss, spattered with blood here.
The small abomination hits you.
You plunge deeper into the Abyss.
The abyssal rune of Zot can be found at this depth.
The abyss shimmers again as the detected abyssal rune vanishes from your memory.
The starflower gurgles horribly!
A wretched star comes into view.
The starflower completely misses you.
The starflower tentacle-slaps you but does no damage.
You cannot read scrolls in your current state!
The starflower tentacle-slaps you from afar!
Your body deteriorates!
You feel weakened. Space warps around you.
The starflower tentacle-slaps you from afar!
* * * LOW HITPOINT WARNING * * *
You feel your health improve.
The wretched star pulses with an eldritch light!
The wretched star pulses with an eldritch light!
Your regeneration stops near monsters.
The lich casts a spell.
The lich flickers and vanishes!
Deactivating autopickup; reactivate with Ctrl-A.
The starflower fires a harpoon shot at you.
The harpoon shot hits you!
* * * LOW HITPOINT WARNING * * *
You are yanked forward by the harpoon shot.
A daeva comes into view.
It is wielding a +5 eudemon blade of holy wrath.
The daeva shouts!
The daeva calls down the wrath of the Shining One upon you.
The Shining One smites you!
You die...

.. .......# #.#
#......# .. #......#
#. ##.....##.#.
#.##..##......#
..####...*....###.#.
....................
..#.#P.####....##.
#.@......#..#.#
#A.#.###......#
..... #.#.....#...
....... ..#........
....... #.##....#..#
.......#.........#.#
......#.# .#...... .
.......# .......~.
#. .###...#.


You could see a daeva, a starflower and a wretched star.

Vanquished Creatures
  Pikel (D:7)
  A steam dragon (D:8)
  Menkaure (D:5)
  2 water moccasins (D:7)
  2 ice beasts
  2 black bears
  2 orc warriors
  2 centaurs
  2 ogres (D:5)
  A phantom (D:5)
  A kobold brigand (D:6)
  2 lemures
  5 bullfrogs
  4 wights (D:6)
  A howler monkey (D:7)
  2 hounds
  3 jellies
  4 orc priests
  3 sleepcaps
  5 orc wizards
  4 iguanas
  Robin (D:2)
  4 gnolls (D:5)
  5 adders
  A white imp (D:6)
  2 ufetubi (D:5)
  A worm (D:2)
  2 dart slugs
  24 orcs
  9 endoplasms
  2 giant cockroaches
  19 goblins
  7 hobgoblins
  13 jackals
  14 kobolds
  2 quokkas
  8 ball pythons
  6 bats
  5 frilled lizards
  6 rats
  A rat zombie (D:4)
182 creatures vanquished.

Notes
Turn   | Place    | Note
-------+----------+-------------------------------------------
     0 | D:1      | Pepete the Demigod Conjurer began the quest for the Orb.
     0 | D:1      | Reached XP level 1. HP: 14/14 MP: 5/5
   174 | D:1      | Found Ewkics's General Store.
   682 | D:1      | Found Geus Cih's Jewellery Shop.
   708 | D:1      | Found Ceorel's Book Shoppe.
   746 | D:1      | Reached XP level 2. HP: 22/22 MP: 5/7
  1920 | D:1      | Reached XP level 3. HP: 27/27 MP: 5/9
  2255 | D:2      | Reached skill level 4 in Conjurations
  2662 | D:2      | Noticed Robin
  2673 | D:2      | Gained mutation: [You sometimes lose your temper in
                  | combat.] [potion of mutation]
  2673 | D:2      | Gained mutation: Your spells are a little harder to cast,
                  | but a little more powerful. [potion of mutation]
  2688 | D:2      | Reached skill level 1 in Fighting
  2688 | D:2      | Reached skill level 1 in Armour
  2895 | D:2      | Killed Robin
  3482 | D:2      | Reached XP level 4. HP: 35/35 MP: 8/10
  3904 | D:2      | Learned a level 4 spell: Fulminant Prism
  4882 | D:3      | Reached XP level 5. HP: 40/40 MP: 4/12
  6287 | D:4      | Reached XP level 6. HP: 48/48 MP: 10/14
  6303 | D:3      | Reached skill level 5 in Conjurations
  8065 | D:5      | Entered Level 5 of the Dungeon
  8841 | D:5      | Reached XP level 7. HP: 52/56 MP: 6/16
  9115 | D:5      | Noticed Menkaure
  9128 | D:5      | Killed Menkaure
  9687 | D:5      | Identified the +4 mace "Duoxutt" {pain, rElec rPois Str-3
                  | Stlth+}
  9692 | D:5      | Reached skill level 6 in Conjurations
  9739 | D:5      | Found a staircase to the Ecumenical Temple.
  9764 | Temple   | Entered the Ecumenical Temple
 10882 | D:6      | Reached skill level 5 in Spellcasting
 10882 | D:6      | Reached XP level 8. HP: 48/63 MP: 8/19
 12581 | D:6      | Reached skill level 1 in Short Blades
 12815 | D:5      | Reached skill level 7 in Conjurations
 13809 | D:6      | Identified the +6 short sword of the Evening {freeze,
                  | Contam rN+ rCorr}
 14689 | D:7      | Identified the +1 buckler of the Hidden Vale {-Tele rC+++
                  | Regen+ Dex-3}
 15134 | D:7      | Noticed Pikel
 15279 | D:7      | Reached XP level 9. HP: 67/72 MP: 11/21
 15885 | D:7      | Killed Pikel
 15886 | D:7      | Reached skill level 1 in Ice Magic
 16320 | D:8      | Noticed Psyche
 16326 | Abyss:1  | Cast into level 1 of the Abyss (Psyche)
 16446 | Abyss:2  | Noticed a large abomination
 16452 | Abyss:2  | Noticed an ancient zyme
 16483 | Abyss:2  | Noticed a smoke demon
 16516 | Abyss:2  | Noticed a great orb of eyes
 16537 | Abyss:3  | Noticed a starcursed mass
 16544 | Abyss:3  | Noticed a wretched star
 16563 | Abyss:4  | Noticed a starflower
 16564 | Abyss:4  | Noticed a wretched star
 16568 | Abyss:4  | Noticed a lich
 16570 | Abyss:4  | Noticed a daeva
 16571 | Abyss:4  | Killed from afar by a daeva

Illustrated notes

Levels and vault maps discovered:
D:1:      giann_wishing_wells, layout_basic, serial_shops, nicolae_square_shop,
          shop, shop
D:2:      layout_basic, hangedman_abyss_or_decor_lesser_grid, uniq_robin
D:3:      layout_basic, mainiacjoe_overflow_two_lobes, kennysheep_generic_room_8
D:4:      layout_cave_pools, enter_ossuary_3
D:5:      layout_basic, minmay_temple_entry_glassed_door, uniq_menkaure
D:6:      layout_basic, okawaru_gym_becter, dk_noncrumbling_4
D:7:      layout_basic, uniq_pikel
D:8:      cheibrodos_fertilizer, layout_loops_ring,
          nicolae_wu_jian_wuxing_cycle, enter_bailey_6, minmay_liquid_box,
          uniq_psyche
Temple:   hellmonk_temple_flake
Abyss:4:  base: D:1, evilmike_abyss_exit_kraken, minivault_5,
          hangedman_decor_peaks_small, minivault_1

Skill      XL: |  1  2  3  4  5  6  7  8  9 |
---------------+----------------------------+-----
Spellcasting   | 2 3 4 5 6 |  6.5
Conjurations   | 4 5 6 7 |  7.9
Fighting       | 1 2 3 4 |  4.8
Armour         | 1 2 3 4 |  4.6
Short Blades   | 2 |  2.7
Ice Magic      | 2 |  2.0
Dodging        | |  1.7
Stealth        | |  1.7

Action                     |  1- 3 |  4- 6 |  7- 9 || total
---------------------------+-------+-------+-------++-------
  Melee: Short sword       |     8 |    21 |    14 ||    43
         Scimitar          |       |       |    23 ||    23
   Cast: Magic Dart        |    93 |   207 |   344 ||   644
    Use: Scroll            |     5 |     5 |     6 ||    16
         Potion            |     5 |     2 |     4 ||    11
 Armour: Robe              |     1 |    27 |     4 ||    32
         Leather armour    |       |       |    14 ||    14
         Ring mail         |       |       |    59 ||    59
         Skin              |       |       |     8 ||     8
  Dodge: Dodged            |    17 |    71 |   127 ||   215
  Block: Buckler           |       |       |     9 ||     9
